[Event "24th Hoogeschool Zeeland 2022"]
[Site "Vlissingen"]
[Date "2022.08.07"]
[Round "3.1"]
[White "Lammens, Tim"]
[Black "Ponomariov, Ruslan"]
[Result "0-1"]
[ECO "A11"]
[WhiteElo "2255"]
[BlackElo "2642"]
[Annotator "TA"]
[PlyCount "106"]
[EventDate "2022.08.05"]
[EventType "swiss"]
[EventCountry "NED"]
[SourceTitle "playchess.com"]
[Source "ChessBase"]
[SourceQuality "1"]
[TimeControl "40/5400+30:1800+30"]

1. Nf3 d5 2. g3 Bf5 3. Bg2 e6 4. O-O c6 5. c4 Nf6 6. Qb3 Qb6 7. d3 {[%emt 0:00:13] A11: English Opening: 1...c6.} Nbd7 8. cxd5 Qxb3 {[%emt 0:05:36] is cutting edge theory.} 9. axb3 {[%emt 0:00:06] The position is equal.} exd5 10. Bd2 Nc5 $5 {[%emt 0:05:53][%mdl 4] Leaves trodden paths.} 11. Nd4 {[%emt 0:00:26][%cal Bf3d4,Bd4b3,Bb3d4][%mdl 32] aiming for b4.} Bd7 12. b4 Ne6 13. Nb3 {[%emt 0:04:30] [#]} h5 $146 ({Predecessor:} 13... Be7 14. Bc3 O-O 15. N1d2 a6 16. Nf3 Rad8 17. Rfc1 Ne8 18. Nfd4 Nxd4 19. Nxd4 Nd6 {½-½ (57) Giri,A (2798)-Tomashevsky,E (2728) Wijk aan Zee 2016}) 14. e4 dxe4 15. dxe4 h4 16. b5 (16. Rd1 $14) 16... hxg3 17. hxg3 Nc5 (17... cxb5 $11 18. Nc3 (18. e5 Ng4 $11) 18... Bc6) 18. Nd4 $1 $14 Nd3 19. bxc6 bxc6 20. Nc3 (20. Bc3 $16) 20... Ng4 $11 21. e5 Bc5 (21... Ngxe5 22. Ne4 $11) 22. Be3 {[%emt 0:12:50] [#]} ({White should try} 22. Nce2 $1 $15) 22... Nxe3 (22... Ngxe5 23. Na4 $14) (22... Nxb2 23. Ne4 Nxe3 24. fxe3 $16) (22... Ndxe5 $6 23. Na4 Nxe3 24. fxe3 $15) (22... Ndxf2 $1 $17 23. Rxf2 Nxe3) 23. fxe3 Rh5 24. e6 fxe6 25. Ne4 Ke7 26. Ra5 Bxd4 {[%emt 0:03:12] The board is on fire.} 27. Rxh5 Bxe3+ 28. Kh2 {[%emt 0:00:23] And now Rf3 would win.} Nxb2 29. Nc5 a5 30. Nxd7 Kxd7 31. Rf7+ ({White should play} 31. Re1 $11 Bd4 32. Bh3) 31... Kd6 $15 32. Rxg7 a4 {[%emt 0:00:06] Strongly threatening ...a3.} 33. Rg6 $1 a3 {[%emt 0:01:26] White must now prevent ...a2.} 34. Bh3 a2 (34... Re8 $5 35. Ra5 Nc4 $15) 35. Rxe6+ Kc7 36. Bg2 $1 {[%emt 0:00:26] [#]} a1=Q $1 37. Rxc6+ Kd8 38. Rh8+ Ke7 39. Rh7+ Kf8 40. Rh8+ $2 (40. Rcc7 $11 Nd3 41. Rhf7+ Kg8 42. Bd5 Qa2+ 43. Bxa2 Rxa2+ 44. Kh3) 40... Kg7 $19 41. Rxa8 {[%emt 0:30:12] [#]} Qg1+ $1 (41... Bg1+ 42. Kh3 Qb1 43. Rc7+ Kf6 44. Ra6+ Ke5 45. Ra5+ Kd6 46. Rc6+ Kd7 47. Rd5+ Ke8 48. Rc8+ Kf7 49. Rc7+ Kg6 50. Rc6+ (50. Kg4 Kf6 $11) 50... Kf7 51. Rc7+ Kg6 52. Rc6+ (52. Kg4 Kf6 $11) 52... Kf7 53. Rc7+ $18) 42. Kh3 {[%emt 0:00:04] Hoping for Rb8.} Nd3 43. Rc7+ Kf6 44. Ra6+ Ke5 45. Re7+ Kd4 46. Rd7+ Kc4 47. Rc6+ Bc5 {[%emt 0:00:00] ( -> ...Nf2+)} 48. Rd5 Nf2+ {[%emt 0:00:00] Black mates.} 49. Kh4 Qh2+ 50. Kg5 Qxg3+ 51. Kf5 Nd3 52. Rg6 Qf2+ 53. Ke4 Qf4# {[%emt 0:00:00] Weighted Error Value: White=0.43/Black=0.11 (very precise)} 0-1

[Event "24th Hoogeschool Zeeland 2022"]
[Site "Vlissingen"]
[Date "2022.08.07"]
[Round "3.2"]
[White "Van den Doel, Erik"]
[Black "Ollenberger, Roland"]
[Result "1-0"]
[ECO "B07"]
[WhiteElo "2589"]
[BlackElo "2264"]
[Annotator "TA"]
[PlyCount "93"]
[EventDate "2022.08.05"]
[EventType "swiss"]
[EventCountry "NED"]
[SourceTitle "playchess.com"]
[Source "ChessBase"]
[SourceQuality "1"]
[TimeControl "40/5400+30:1800+30"]

1. d4 g6 2. e4 Bg7 3. Nc3 d6 4. Be3 Nf6 5. h3 Nbd7 6. Nf3 {[%emt 0:03:48] B07: Pirc Defence: Miscellaneous Systems.} c6 7. e5 Ng8 8. Bf4 {[%emt 0:08:38] White is slightly better.} dxe5 9. dxe5 Qa5 10. Qd4 {[%emt 0:21:38] Black must now prevent 0-0-0.} (10. Qe2 $5 ) 10... Qb6 (10... e6 $14) 11. O-O-O {[%emt 0:02:12][%cal Ba1d1,Bd1d4,Bd4c4][%mdl 32] 0x0.001b83af8cd3dp-1022s more active pieces.} (11. Qd2 $1 $16) 11... Qxd4 $14 12. Rxd4 Nc5 {[%emt 0:11:32] [#]} 13. Rc4 $146 (13. Bc4 {is more complex.} Nh6 14. Rhd1 O-O 15. Rd8) ({Predecessor:} 13. Rd1 Bh6 14. Bg5 Be6 15. Bxh6 Nxh6 16. Ng5 Bd7 17. g4 O-O-O 18. Bc4 f6 19. b4 {0-1 (64) Tosic,V-Stojic,S (2090) Serbia 2007}) 13... Ne6 14. Be3 Bd7 15. Ra4 Bh6 16. Bxh6 Nxh6 17. Nd4 (17. Ra3 $14) 17... Nxd4 18. Rxd4 Nf5 19. Rd2 O-O-O 20. Bc4 Rhf8 21. Ne4 Ng7 22. Ng5 Be6 23. Rxd8+ Rxd8 24. Bxe6+ Nxe6 25. Nxe6 fxe6 $11 {[%emt 0:00:12][%mdl 4096] Endgame KR-KR} 26. Re1 Rd5 27. Re4 Kc7 28. c4 Rd8 29. Rf4 Kd7 30. Rd4+ Kc7 31. Rxd8 Kxd8 $16 {[%emt 0:00:04] KP-KP} 32. Kd2 {[%emt 0:00:03] Ke3 is the strong threat.} Ke8 $2 {[%emt 0:03:30][%mdl 8192] [#] This costs Black the game.} (32... Kc7 $16) 33. Ke3 $1 $18 Kf7 {[%emt 0:04:35] [#]} 34. Kf4 $1 Kf8 35. Kg5 Kg7 36. c5 Kf7 37. Kh6 Kg8 38. h4 {[%emt 0:00:37] White threatens a4 and mate.} Kh8 39. a4 {[%emt 0:01:39][%cal Ba2a4,Ba4a5][%mdl 32] White mates.} Kg8 40. a5 Kh8 41. h5 gxh5 42. Kxh5 Kg7 43. Kg5 Kh8 44. Kh6 Kg8 45. f4 Kh8 46. g4 Kg8 47. f5 {[%emt 0:00:00] Weighted Error Value: White=0.07 (flawless) /Black=0.66} (47. b3 $142 Kh8 48. f5 Kg8 49. fxe6 Kh8 50. g5 Kg8 51. g6 hxg6 52. Kxg6) 1-0

[Event "24th Hoogeschool Zeeland 2022"]
[Site "Vlissingen"]
[Date "2022.08.07"]
[Round "3.3"]
[White "Grutter, Tim"]
[Black "Baklan, Vladimir"]
[Result "1/2-1/2"]
[ECO "C03"]
[WhiteElo "2246"]
[BlackElo "2589"]
[Annotator "TA"]
[PlyCount "55"]
[EventDate "2022.08.05"]
[EventType "swiss"]
[EventCountry "NED"]
[SourceTitle "playchess.com"]
[Source "ChessBase"]
[SourceQuality "1"]
[TimeControl "40/5400+30:1800+30"]

1. e4 e6 2. d4 d5 3. Nd2 Be7 4. exd5 exd5 5. Bd3 Nf6 6. h3 {[%emt 0:02:06] C03: French Tarrasch: Unusual Black 3rd moves.} O-O 7. Ngf3 c5 8. dxc5 {[%emt 0:01:02] White has an edge.} Bxc5 9. O-O Bb6 10. Nb3 Ne4 11. Nbd4 Nc6 12. c3 f5 13. Bf4 {[%emt 0:09:18] [#]} g5 $146 ({Predecessor:} 13... h6 14. Qc2 Qf6 15. Rad1 Be6 16. Nxe6 Qxe6 17. c4 Kh8 18. cxd5 Qxd5 19. Bc4 Qa5 {0-1 (48) Muratovic,A (2476)-Simic,D (2333) Vrnjacka Banja 2007}) 14. Bh2 g4 (14... Re8 $11) 15. hxg4 $14 fxg4 16. Nxc6 (16. Bxe4 {feels hotter.} dxe4 17. Qb3+ Kg7 18. Nd2) 16... bxc6 17. Bxe4 dxe4 18. Qxd8 Rxd8 19. Nd4 Bd7 20. Rfe1 Re8 21. Rad1 Rad8 22. Bf4 Kf7 23. Bg5 Rc8 24. Nb5 cxb5 25. Rxd7+ Kg6 26. Be3 Re6 {[%emt 0:00:20] Against Rd6} 27. Bxb6 axb6 28. Rd4 {[%emt 0:02:18] Weighted Error Value: White=0.09 (flawless) /Black=0.15 (very precise)} 1/2-1/2

[Event "24th Hoogeschool Zeeland 2022"]
[Site "Vlissingen"]
[Date "2022.08.07"]
[Round "3.4"]
[White "Harsha Bharathakoti"]
[Black "Van Baar, Esper"]
[Result "1-0"]
[ECO "B92"]
[WhiteElo "2547"]
[BlackElo "2281"]
[Annotator "TA"]
[PlyCount "47"]
[EventDate "2022.08.05"]
[EventType "swiss"]
[EventCountry "NED"]
[SourceTitle "playchess.com"]
[Source "ChessBase"]
[SourceQuality "1"]
[TimeControl "40/5400+30:1800+30"]

1. e4 c5 2. Nf3 d6 3. d4 cxd4 4. Nxd4 Nf6 5. Nc3 a6 6. Be2 e5 7. Nb3 Be6 8. Be3 Be7 9. Nd5 Nxd5 10. exd5 Bf5 11. Qd2 $1 {[%emt 0:00:08] 11.Qd2 is better than 11.0-0.} Nd7 {[%emt 0:05:31] B92: Sicilian Najdorf: 6 Be2.} 12. Na5 Qc7 13. c4 b6 {[%emt 0:17:15] The position is equal.} 14. Nc6 {[%emt 0:00:34] [#]} a5 $146 (14... Bf6 $14) ({Predecessor:} 14... Nc5 15. f3 O-O 16. b4 Nb7 17. Nxe7+ Qxe7 18. Bxb6 e4 19. fxe4 Bxe4 20. O-O Rac8 {1-0 (34) Lopez del Alamo,A (2242)-Remolar Gallen,J (2308) Chess.com INT 2022}) 15. O-O $16 {[%emt 0:36:14][%cal Bh1f1,Bf1f4,Bf4f6][%mdl 32] 0x0.0016818f0ea5dp-1022s more active pieces. The black rooks are badly placed.} Nc5 (15... Bf6 $16) 16. f4 $18 exf4 (16... e4 $16 17. Bd4 O-O) 17. Rxf4 Bg6 18. h4 h5 19. Bxc5 bxc5 (19... dxc5 {was necessary.} 20. Nxe7 Qxe7) 20. Re1 O-O 21. Bxh5 Bf6 {[%emt 0:00:30] [#]} (21... Bd8) 22. Rxf6 $1 Bxh5 (22... gxf6 23. Bxg6) 23. Ne7+ Kh7 24. Qg5 {[%emt 0:00:50] Black did not feel at home in the position after the opening.  Weighted Error Value: White=0.02 (flawless) /Black=0.89} 1-0

[Event "24th Hoogeschool Zeeland 2022"]
[Site "Vlissingen"]
[Date "2022.08.07"]
[Round "3.5"]
[White "Lefebvre, Herve"]
[Black "Lalith Babu M R"]
[Result "0-1"]
[ECO "C45"]
[WhiteElo "2212"]
[BlackElo "2549"]
[Annotator "TA"]
[PlyCount "68"]
[EventDate "2022.08.05"]
[EventType "swiss"]
[EventCountry "NED"]
[SourceTitle "playchess.com"]
[Source "ChessBase"]
[SourceQuality "1"]
[TimeControl "40/5400+30:1800+30"]

1. e4 e5 2. Nf3 Nc6 3. d4 exd4 4. Nxd4 Nf6 5. Nxc6 bxc6 6. e5 Qe7 7. Qe2 Nd5 8. c4 Nb6 9. Nc3 Bb7 {[%emt 0:00:58] C45: Scotch Game.} 10. Bf4 Qe6 11. O-O-O Ba6 {[%emt 0:01:00][%cal Ra6c4] The position is equal.} 12. b3 Ba3+ 13. Kc2 {[%emt 0:00:54] [#]} O-O-O $146 (13... g5 $2 14. Bxg5 Be7 15. Bxe7 Qxe7 16. g3 $18) (13... O-O $11 {keeps the balance.}) ({Predecessor:} 13... O-O 14. Qh5 f5 15. Bd3 Bb4 16. a3 Bc5 17. Rhg1 g6 18. Qe2 Rae8 19. h4 d6 {½-½ (29) Tsirakovsky,S (2215)-Kikot,V (2339) ICCF email 2011}) 14. Qe4 Bb7 15. Be2 Rde8 16. Bf3 f6 17. Bg3 fxe5 18. Rhe1 $1 Qf7 19. Bxe5 Bd6 20. Rxd6 cxd6 21. Nb5 $1 cxb5 (21... Nxc4 $2 22. bxc4 Qe7 23. Nxd6+ Qxd6 24. Bxd6 $18) 22. Qxb7+ Kd8 23. Qxa7 Qf5+ 24. Kc1 (24. Kc3 $11 Nxc4 25. Qa8+ (25. bxc4 Rxe5 26. Qb8+ Ke7 $17) 25... Ke7 26. Bxd6+ (26. Bxg7+ Kf7 $15) 26... Kxd6 27. Rxe8 b4+ 28. Kxc4 Qf7+ 29. Kxb4 Rxe8 30. Qb7) 24... Rxe5 $17 {[%emt 0:01:05] Chess con chili.} 25. Qxb6+ Ke7 $1 26. Rxe5+ Qxe5 27. Qxb5 {[%emt 0:00:39][%mdl 4096] Endgame [#] KQR-KQB} Qa1+ 28. Kc2 Qxa2+ 29. Kc3 h6 {[%emt 0:00:59] Prevents Qg5+.} ({Much worse is} 29... Qxf2 $6 30. Qg5+ Ke8 31. Qxg7 Qe3+ 32. Kb4 Qc5+ 33. Kc3 Qe3+ 34. Kb4 Qb6+ 35. Ka4 Qa7+ 36. Kb4 Qc5+ 37. Ka4 $15 (37. Kc3 Qe3+ $15)) 30. Qd5 (30. Qb6 $17 {is a better defense.}) 30... Qa1+ $19 ({And not} 30... Qxf2 31. Qe4+ Kf6 32. Qf4+ Ke7 33. Qe4+ Kf6 34. Qf4+ Ke7 35. Qe4+ $11) 31. Kc2 Rb8 {[%emt 0:00:06] And now ...Qa2+ would win.} 32. c5 $2 (32. Qd1 Qa3 33. Qb1) 32... Qa2+ 33. Kc1 Qa3+ 34. Kc2 {[%emt 0:00:04] [#] Black must now prevent Qxd6+.} Qxc5+ {[%emt 0:00:04] Weighted Error Value: White=0.20 (precise) /Black=0.06 (flawless)} 0-1

[Event "24th Hoogeschool Zeeland 2022"]
[Site "Vlissingen"]
[Date "2022.08.07"]
[Round "3.6"]
[White "Beerdsen, Thomas"]
[Black "Laux, Dominik"]
[Result "1-0"]
[ECO "B99"]
[WhiteElo "2500"]
[BlackElo "2320"]
[Annotator "TA"]
[PlyCount "53"]
[EventDate "2022.08.05"]
[EventType "swiss"]
[EventCountry "NED"]
[SourceTitle "playchess.com"]
[Source "ChessBase"]
[SourceQuality "1"]
[TimeControl "40/5400+30:1800+30"]

1. e4 c5 2. Nf3 d6 3. d4 cxd4 4. Nxd4 Nf6 5. Nc3 a6 6. Bg5 e6 7. f4 Be7 8. Qf3 Qc7 9. O-O-O Nbd7 10. g4 h6 11. Bxf6 Bxf6 12. h4 $1 Nb6 {[%emt 0:01:22] seems to push 12...Qb6 aside. B99: Sicilian Najdorf: 6 Bg5 e6 7 f4 Be7 8 Qf3 Qc7 9 0-0-0 Nbd7.} 13. g5 Bxd4 14. Rxd4 Qc5 {[%emt 0:00:49] White is slightly better.} 15. Qf2 {[%emt 0:00:56][%cal Oe4e5] Strongly threatening e5!} hxg5 $1 16. e5 gxf4 17. Bd3 {[%emt 0:00:35] [#]} Qxe5 $146 (17... d5 $1 $11 {remains equal.}) ({Predecessor:} 17... f5 18. exf6 e5 19. fxg7 Rg8 20. Bg6+ Ke7 21. h5 Qxd4 22. Qh4+ Kd7 23. h6 Kc6 {1-0 (34) Hong,A (2504)-Brodsky,D (2496) Saint Louis 2022}) 18. Re1 $16 Qa5 (18... Qc5 $2 19. Ne4 Qc7 20. Nxd6+ Ke7 21. Nxf7 $1 $18 ) (18... Qh5 $16 {was necessary.}) 19. Qxf4 $18 Bd7 20. Qxd6 {[%emt 0:03:27] Hoping for Re5.} Rh5 {[%emt 0:07:14] [#] Against Re5} 21. b4 {[%emt 0:06:18] Prevents Qc5.} (21. Rf1 $1 $18 {[%cal Od3g6] aiming for Bg6!} Rh6 22. Re4) 21... Qa3+ $16 22. Kd2 {[%emt 0:00:05] White is much more active.} Rc8 23. Nb1 $36 {[%emt 0:00:47][%mdl 2048] White is in control.} Qb2 {[%emt 0:00:58][%cal Ob6d5] And now ...Nd5! would win.} 24. Qxb6 {[%emt 0:00:15] Threatens to win with Qd6. Dancing on a razor blade.} Rc6 {[%emt 0:03:38] Against Qd6} 25. Qa7 {[%emt 0:00:11][%cal Oe1e4] Black must now prevent Ree4!} Rhc5 $2 (25... Bc8 $16 26. a3 Rhc5 27. bxc5 (27. Rd8+ Kxd8 28. bxc5 Ke7 $16) 27... Qxd4) 26. Qb8+ $18 ({Less strong is} 26. bxc5 Qxd4 27. Qxb7 Qxh4 28. Qb8+ Rc8 $18) ({Worse is} 26. Qxb7 Rxc2+ 27. Ke3 Bc8 $11) 26... Rc8 27. Qd6 {[%emt 0:00:20] Weighted Error Value: White=0.07 (flawless) /Black=0.30} 1-0

[Event "24th Hoogeschool Zeeland 2022"]
[Site "Vlissingen"]
[Date "2022.08.07"]
[Round "3.7"]
[White "Bui, Bao Anh Le"]
[Black "Schoppen, Casper"]
[Result "0-1"]
[ECO "B31"]
[WhiteElo "2109"]
[BlackElo "2507"]
[Annotator "TA"]
[PlyCount "80"]
[EventDate "2022.08.05"]
[EventType "swiss"]
[EventCountry "NED"]
[SourceTitle "playchess.com"]
[Source "ChessBase"]
[SourceQuality "1"]
[TimeControl "40/5400+30:1800+30"]

1. e4 c5 2. Nf3 Nc6 3. Bb5 g6 4. O-O Bg7 5. Re1 e5 6. c3 Nge7 7. d3 O-O 8. Be3 {[%emt 0:06:00] 8.Nbd2 injects fresh life into this line.} d6 {[%emt 0:04:31] B31: Sicilian: 2...Nc6 3 Bb5 g6.} 9. h3 h6 10. d4 exd4 {[%emt 0:05:24] The position is equal.} 11. cxd4 Qb6 (11... d5 $5 12. Bxc6 Nxc6 13. exd5 cxd4 14. Nxd4 Nxd4 15. Bxd4 Qxd5 16. Bxg7 Qxd1 17. Rxd1 Kxg7 $11) 12. Bxc6 Nxc6 13. Qd2 (13. Nc3 $5 ) 13... Kh7 {[%emt 0:08:50][%cal Rc5d4] [#]} ({Much less strong is} 13... Nxd4 14. Nxd4 cxd4 15. Bxh6 $14) 14. Rd1 $146 ({Predecessor:} 14. e5 Qd8 15. d5 Nxe5 16. Nxe5 Bxe5 17. Bxh6 Bg7 18. Bg5 f6 19. Bf4 g5 20. Be3 {1-0 (33) Jasik,K (2341)-Borgula,R (2237) Wysowa 2005}) 14... f5 15. Nc3 cxd4 16. Bxd4 ({Much weaker is} 16. Nxd4 f4 17. Ne6 (17. Nxc6 $2 fxe3 18. Qxe3 Qxe3 $19) 17... fxe3 $17) 16... Nxd4 17. Nxd4 fxe4 18. Ndb5 d5 {[%emt 0:02:24][%cal Oc8h3] White must now prevent ...Bxh3!} 19. Qe3 d4 20. Nxd4 Qxb2 21. Rab1 Qa3 22. Rb3 (22. Ndb5 $5 Qa5 23. Nxe4 $11) 22... Qe7 23. Nxe4 Kh8 24. Rdd3 (24. Nf3 $14) 24... b6 $11 25. Nc6 Qc7 26. Nb4 (26. Rdc3 $11) 26... Bf5 $1 $17 {[%emt 0:01:43] And now ...Bxe4 would win. This bishop pair is nice.} 27. Nd5 Qe5 28. f3 (28. Ndc3 $17) 28... Qa1+ $19 29. Kh2 Qxa2 ({Black should play} 29... Rad8 $17 {Hoping for ...Qe5+.} 30. Nb4 Rxd3 31. Nxd3 Qxa2) 30. Rd2 (30. Ne7 $1 $15) 30... Qa1 $17 31. g4 (31. Ng3 $17) 31... Be6 $2 (31... Bxe4 $19 32. Qxe4 Rae8) 32. Rbd3 {[%emt 0:00:22] [#]} ({Better is} 32. Ra3 $1 $15 Qe5+ 33. f4) 32... Rae8 $1 33. Kg2 {[%emt 0:00:17] [#]} Qe5 {[%emt 0:00:33] Against Nf4} 34. f4 $2 {[%emt 0:00:37] Now White is beyond hope.} (34. Ndc3 $17 {might work better.}) 34... Qb8 $19 {[%emt 0:00:24] Threatens to win with ...Bxd5.} 35. Rf2 Qb7 36. Rfd2 Rd8 37. Ndc3 Rxd3 38. Rxd3 Bxc3 {[%emt 0:02:52] Black is clearly winning.} 39. Rxc3 Bd5 40. Qd4+ Kg8 {[%emt 0:01:04] Weighted Error Value: White=0.37/Black=0.15 (very precise)} 0-1

[Event "24th Hoogeschool Zeeland 2022"]
[Site "Vlissingen"]
[Date "2022.08.07"]
[Round "3.8"]
[White "Ikonnikov, Vyacheslav"]
[Black "Bruil, Rembrandt"]
[Result "1-0"]
[ECO "D31"]
[WhiteElo "2493"]
[BlackElo "2204"]
[Annotator "TA"]
[PlyCount "71"]
[EventDate "2022.08.05"]
[EventType "swiss"]
[EventCountry "NED"]
[SourceTitle "playchess.com"]
[Source "ChessBase"]
[SourceQuality "1"]
[TimeControl "40/5400+30:1800+30"]

1. d4 d5 2. c4 e6 3. Nc3 Be7 4. cxd5 exd5 5. Bf4 c6 6. e3 Bf5 7. Nge2 Nd7 8. Ng3 Bg6 9. Be2 {[%emt 0:01:39] D31: Queen's Gambit Declined: Semi-Slav without ...Nf6 (+ Marshall Gambit and Noteboom) and Exchange Variation lines without ...Nf6.} Ngf6 10. h4 {[%emt 0:01:04] [#] Strongly threatening h5.} h5 11. Bd3 {[%emt 0:02:17] The position is equal.} Bxd3 12. Qxd3 g6 13. Nge2 Nf8 14. f3 Ne6 15. Be5 Bd6 {[%emt 0:03:48] [#]} 16. O-O-O $146 ({Predecessor:} 16. Nf4 Bxe5 17. dxe5 Nxf4 18. exf4 Nd7 19. O-O-O Qe7 20. Qc2 Nb6 21. f5 gxf5 22. Qxf5 {1-0 (63) Giri,A (2764)-Magalashvili,D (2456) Chess.com INT 2020}) 16... Bxe5 17. dxe5 Nd7 18. f4 Ndc5 19. Qc2 Qb6 20. Nd4 O-O-O 21. Nxe6 fxe6 22. Qxg6 Rhg8 (22... Rdg8 $5 23. Qc2 Rg4 $11) 23. Qc2 Rg3 24. Rhe1 Qa6 25. Kb1 d4 $2 {[%emt 0:04:44] [#]} (25... Qb6 $14) 26. Rxd4 $18 Rxd4 27. exd4 Nd3 28. Re4 (28. Rd1 $18) 28... Nb4 $1 $14 29. Qe2 Qxe2 30. Rxe2 {[%emt 0:00:06][%mdl 4096] Endgame KRN-KRN} ({Inferior is} 30. Nxe2 Rxg2 31. a3 Nd5 $17) 30... Nd3 $2 (30... Rg4 $16) 31. Ne4 $18 Rg4 32. g3 {[%emt 0:00:14] Threatens to win with a3.} Nxf4 $2 (32... Nb4 33. Re3 Nd5) 33. gxf4 {[%emt 0:00:13] White is clearly winning.} Rxf4 34. Nc5 Rxd4 35. Nxe6 Rxh4 36. Ng7 {[%emt 0:00:22] Weighted Error Value: White=0.20 (precise) /Black=0.53} 1-0

[Event "24th Hoogeschool Zeeland 2022"]
[Site "Vlissingen"]
[Date "2022.08.07"]
[Round "3.9"]
[White "Boelhouwer, Collin"]
[Black "Santiago, Yago De Moura"]
[Result "0-1"]
[ECO "C03"]
[WhiteElo "2151"]
[BlackElo "2513"]
[Annotator "TA"]
[PlyCount "66"]
[EventDate "2022.08.05"]
[EventType "swiss"]
[EventCountry "NED"]
[SourceTitle "playchess.com"]
[Source "ChessBase"]
[SourceQuality "1"]
[TimeControl "40/5400+30:1800+30"]

1. e4 e6 2. d4 d5 3. Nd2 h6 4. Ngf3 Nf6 5. Bd3 c5 $1 6. c3 {[%emt 0:03:24] C03: French Tarrasch: Unusual Black 3rd moves.} Nc6 7. O-O cxd4 8. cxd4 {[%emt 0:01:03] White has an edge.} dxe4 9. Nxe4 Be7 10. Ng3 (10. Bc2 {deserves consideration.}) 10... O-O $11 11. a3 b6 {[%emt 0:09:22] [#]} (11... Nxd4 $2 12. Nxd4 Qd5 13. Be2 $18) 12. Bc2 $146 ({Predecessor:} 12. Bf4 Bb7 13. h3 Nd5 14. Bxh6 gxh6 15. Ne5 Nxe5 16. dxe5 Nf4 17. Qg4+ Bg5 18. Bc2 Bxg2 {0-1 (45) Brender,B (1282)-Landenberger,A (1564) Braunfels 2015}) 12... Ba6 13. Re1 Rc8 14. Be3 Re8 15. Rc1 Nd5 16. Bb1 Bf8 17. Qa4 Bb7 18. Qc2 {[%emt 0:00:37][%csl Gb1][%cal Rc2h7] [#]} g6 {[%emt 0:11:20] Active counter play!} 19. Qd2 Nxe3 20. Qxe3 Bg7 21. Rcd1 Re7 22. Ne5 (22. h4 $15) 22... Nxe5 $17 23. dxe5 Rd7 24. Rxd7 Qxd7 25. h3 ({White should try} 25. f4) 25... Rc4 26. Kh2 Qd4 {[%emt 0:05:41] Inhibits f4.} 27. Qe2 (27. Qxd4 $17 Rxd4 28. Kg1) 27... Rc5 $40 {[%emt 0:00:45][%cal Rc5e5][%mdl 128] Black attacks with force.} 28. Rd1 Qxe5 29. Rd8+ Kh7 30. Qxe5 Bxe5 {[%emt 0:00:15] This bishop pair is nice.} 31. Rd7 Rc7 32. Rd8 {[%emt 0:01:26] [#]} (32. Rxc7 Bxc7 33. Kg1) 32... Bxb2 33. Rd3 Be5 {[%emt 0:00:00] Weighted Error Value: White=0.26 (precise) /Black=0.04 (flawless)} 0-1

[Event "24th Hoogeschool Zeeland 2022"]
[Site "Vlissingen"]
[Date "2022.08.07"]
[Round "3.10"]
[White "Vrolijk, Liam"]
[Black "Duchene, Rene"]
[Result "1-0"]
[ECO "A17"]
[WhiteElo "2464"]
[BlackElo "2137"]
[Annotator "TA"]
[PlyCount "49"]
[EventDate "2022.08.05"]
[EventType "swiss"]
[EventCountry "NED"]
[SourceTitle "playchess.com"]
[Source "ChessBase"]
[SourceQuality "1"]
[TimeControl "40/5400+30:1800+30"]

1. Nf3 d5 2. e3 Nf6 3. c4 e6 4. Nc3 c5 5. cxd5 exd5 6. Bb5+ {[%emt 0:00:56] A17: English Opening: 1...Nf6 with ...Bb4.} Bd7 7. Bxd7+ Qxd7 8. O-O {[%emt 0:00:43] White has an edge.} Nc6 9. b3 {[%emt 0:03:04] [#]} d4 $146 ({Predecessor:} 9... Be7 10. Bb2 O-O 11. Rc1 Rfd8 12. d4 cxd4 13. Nxd4 Rac8 14. Nce2 Ne5 15. Rxc8 Rxc8 {1-0 (62) Cornette,M (2590)-Cornette,D (2402) Vaujany 2015}) 10. Ne2 d3 11. Nf4 Bd6 12. Bb2 Bxf4 13. exf4 O-O 14. Ne5 Qd5 15. Re1 Rfe8 16. Re3 Nxe5 (16... Qd6 $14) 17. fxe5 $16 Nd7 18. f4 f6 19. Qg4 fxe5 20. fxe5 {[%emt 0:00:30] [#] Strongly threatening e6.} Re7 {[%emt 0:06:57][%mdl 8192] This costs Black the game.} (20... Qe6 $16 21. Qe4 b6) 21. e6 $18 {[%emt 0:03:07] White is clearly winning.} Nf8 22. Bf6 Rae8 23. Bxe7 Rxe7 24. Rf1 ({Less strong is} 24. Rae1 a6 25. Qh4 Re8) 24... b5 25. Qf4 {[%emt 0:03:25] Weighted Error Value: White=0.01 (flawless) /Black=0.55} 1-0